 Dungeon Crawl Stone Soup version 0.26.1-16-g4e020e15dc (webtiles) character file.

Game seed: 6323573647110776329

79 tkbsonic5 the Skirmisher (level 4, -7/40 HPs)
             Began as a Minotaur Monk on Oct 12, 2023.
             Mangled by Grinder (8 damage)
             ... while paralysed by Grinder
             ... on level 3 of the Dungeon.
             The game lasted 00:03:57 (2217 turns).

tkbsonic5 the Skirmisher (Minotaur Monk)            Turns: 2217, Time: 00:03:58

Health: -7/40      AC:  4    Str: 16    XL:     4   Next: 17%
Magic:  3/3        EV:  2    Int:  7    God:
Gold:   100        SH:  0    Dex: 13    Spells: 3/3 levels left

rFire    + . .     SeeInvis .     - Unarmed
rCold    + . .     Faith    .   d - +0 buckler
rNeg     . . .     Spirit   .   a - +0 robe
rPois    +         Reflect  .   (helmet restricted)
rElec    +         Harm     .   n - +0 cloak
rCorr    +         Rampage  .   (no gloves)
Will     .....                  c - +0 pair of boots
Stlth    ++........             (no amulet)
HPRegen  0.13/turn              (no ring)
MPRegen  0.08/turn              (no ring)

@: paralysed, resistant
A: retaliatory headbutt, horns 2
a: no special abilities


You were on level 3 of the Dungeon.
You visited 1 branch of the dungeon, and saw 3 of its levels.

You collected 100 gold pieces.

Inventory:

Hand Weapons
 f - a +0 trident
 j - a +2 hand axe of pain
 o - a +0 mace
Armour
 a - a +0 robe (worn)
 c - a +0 pair of boots (worn)
 d - a +0 buckler (worn)
 n - a +0 cloak (worn)
Scrolls
 b - 2 scrolls of teleportation
 e - a scroll of blinking {unknown}
 h - 2 scrolls of amnesia {unknown}
Potions
 g - a potion of heal wounds {unknown}
 k - a potion of curing
 l - a potion of invisibility {unknown}
 m - a potion of haste {unknown}


   Skills:
 * Level 4.2 Fighting
 + Level 1.2 Armour
 * Level 4.0 Dodging
 - Level 1.5 Stealth
 * Level 1.7 Shields
 * Level 3.9 Unarmed Combat


You had 3 spell levels left.
You didn't know any spells.
Your spell library was empty.

Dungeon Overview and Level Annotations

Branches:
Dungeon (3/15)

Altars:
Okawaru

Annotations:
D:3 Grinder


Innate Abilities, Weirdness & Mutations

You reflexively headbutt those who attack you in melee.
You have a pair of horns on your head.


Message History

Pain shoots through your body!
* * * LOW HITPOINT WARNING * * *
The ooze hits you.
* * * LOW HITPOINT WARNING * * *
The leopard gecko bites you but does no damage.
You feel better. Grinder gestures at you.
You suddenly lose the ability to move!
The leopard gecko bites you but does no damage.
The ooze jiggles.
The ooze hits you but does no damage. Grinder hits you.
* * * LOW HITPOINT WARNING * * *
You writhe in agony.
* * * LOW HITPOINT WARNING * * *
The leopard gecko bites you but does no damage.
The ooze hits you.
* * * LOW HITPOINT WARNING * * *
Grinder hits you!
You die...

....#
#########....########
#............#......#
#..........##.......#
##..........##.......#
##....................#
#......†..............#
#..............lJ...[.#
#..............@5.....#
#..........>..........#
#.................##+##
#....####.##...........
#.... #.)).......#.....
... #..<.......#......
###........#......
......................
......#.......##.....


You could see Grinder, an ooze and a leopard gecko.

Vanquished Creatures
  2 adders (D:2)
  2 oozes (D:2)
  A dart slug (D:1)
  2 leopard geckos
  3 orcs
  2 giant cockroaches (D:3)
  5 goblins
  2 hobgoblins
  3 jackals (D:2)
  8 kobolds
  A quokka (D:2)
  5 bats
  5 frilled lizards
  3 rats
  2 toadstools (D:1)
46 creatures vanquished.

Vanquished Creatures (others)
  2 toadstools (D:1)
2 creatures vanquished.

Grand Total: 48 creatures vanquished

Notes
Turn   | Place    | Note
-------+----------+-------------------------------------------
     0 | D:1      | tkbsonic5 the Minotaur Monk began the quest for the Orb.
     0 | D:1      | Reached XP level 1. HP: 19/19 MP: 0/0
   549 | D:1      | Reached XP level 2. HP: 27/27 MP: 1/1
   962 | D:2      | Reached skill level 1 in Shields
  1150 | D:2      | Reached XP level 3. HP: 33/33 MP: 2/2
  1286 | D:2      | Found an iron altar of Okawaru.
  1470 | D:2      | Reached skill level 1 in Armour
  1956 | D:2      | Reached XP level 4. HP: 39/40 MP: 3/3
  1959 | D:3      | Noticed Grinder
  1961 | D:3      | Paralysed by Grinder for 5 turns
  2205 | D:3      | Paralysed by Grinder for 5 turns
  2215 | D:3      | Paralysed by Grinder for 3 turns
  2216 | D:3      | HP: 1/40 [ooze (3)]
  2217 | D:3      | Mangled by Grinder

Illustrated notes

Levels and vault maps discovered:
D:1:      ldierk_water_garden, layout_loops_cross, grunt_decor_resistance
D:2:      layout_loops_ring, okawaru_gym_becter
D:3:      layout_basic, uniq_crazy_yiuf_cottage, uniq_grinder

Skill      XL: |  1  2  3  4 |
---------------+-------------+-----
Shields        | 1 |  1.7
Fighting       | 4 |  4.2
Armour         | 1 |  1.2
Dodging        | 4 |  4.0
Stealth        | |  1.5
Unarmed Combat | |  3.9

Action                   |  1- 3 |  4- 6 || total
-------------------------+-------+-------++-------
Melee: Unarmed           |    82 |    23 ||   105
       Headbutt          |    14 |     3 ||    17
  Use: Scroll            |       |     3 ||     3
       Potion            |       |     2 ||     2
 Stab: Sleeping          |     7 |     1 ||     8
Armor: Robe              |    12 |    18 ||    30
Dodge: Dodged            |    55 |    16 ||    71
Block: Buckler           |    13 |     6 ||    19
